 Dungeon Crawl Stone Soup version 0.20.1-1-g8b1a95d (webtiles) character file.

323 Jannitor the Slasher (level 6, -2/49 HPs)
             Began as a Demonspawn Chaos Knight on Sept 7, 2017.
             Killed from afar by an orc wizard (4 damage)
             ... with a magic dart
             ... on level 4 of the Dungeon.
             The game lasted 00:04:21 (2054 turns).

Jannitor the Slasher (Demonspawn Chaos Knight)      Turns: 2054, Time: 00:04:22

Health: -2/49      AC:  6    Str: 15    XL:     6   Next: 23%
Magic:  6/6        EV: 12    Int: 13    God:    Xom [.....*]
Gold:   29         SH:  0    Dex: 12    Spells: 5/5 levels left

rFire    + . .     SeeInvis .   a - +0 falchion (chaos)
rCold    + . .     Gourm    .   (no shield)
rNeg     + . .     Faith    .   b - +2 leather armour
rPois    +         Spirit   .   k - +0 helmet
rElec    +         Reflect  .   (no cloak)
rCorr    +         Harm     .   (no gloves)
MR       .....                  (no boots)
Stlth    +.........             (no amulet)
Regen    0.2/turn               m - ring of positive energy
MPRegen  0.1/turn               (no ring)

@: lethally poisoned (-2 -> -3), resistant, flying
A: talons 1, powered by death 1, spiny 2
a: Renounce Religion


You were on level 4 of the Dungeon.
You worshipped Xom.
You were Xom's teddy bear.
You were not hungry.

You visited 1 branch of the dungeon, and saw 4 of its levels.

You collected 212 gold pieces.
You spent 183 gold pieces at shops.

Inventory:

Hand Weapons
 a - a +0 falchion of chaos (weapon)
Armour
 b - a +2 leather armour (worn)
 k - a +0 helmet (worn)
Jewellery
 m - a ring of positive energy (left hand)
Wands
 i - a wand of lightning (9/15)
 j - a wand of flame (42/48)
 y - a wand of lightning (13/15)
Scrolls
 f - 10 scrolls of remove curse {unknown}
 g - 3 scrolls of identify {unknown}
 l - a scroll of fog {unknown}
 n - 2 scrolls of enchant weapon {unknown}
 r - 2 scrolls of enchant armour {unknown}
 s - a scroll of blinking {unknown}
 u - a scroll of magic mapping {unknown}
 v - a scroll of noise {unknown}
Potions
 e - a potion of flight
 o - a potion of brilliance {unknown}
 p - a potion of resistance
 t - a potion of berserk rage {unknown}
 x - a potion of mutation {unknown}
 z - a potion of heal wounds {unknown}
 A - a potion of agility
Books
 h - a book of Minor Magic

   Spells                             Type                      Level
   a - Magic Dart                     Conjuration                  1
   b - Blink                          Translocation                2
   c - Call Imp                       Summoning                    2
   d - Slow                           Hexes                        2
   e - Conjure Flame                  Conjuration/Fire             3
   f - Mephitic Cloud                 Conjuration/Poison/Air       3
Comestibles
 c - 2 bread rations
 q - 2 royal jellies
 w - 4 meat rations


   Skills:
 + Level 4.5 Fighting
 + Level 4.9 Long Blades
 + Level 2.6 Armour
 + Level 1.6 Dodging
 + Level 0.2 Stealth


You had 5 spell levels left.
You didn't know any spells.

Dungeon Overview and Level Annotations

Branches:
Dungeon (4/15)
 Temple: D:4-7

Altars:
Cheibriados
Trog
Xom

Shops:
D:4 *%


Innate Abilities, Weirdness & Mutations

You have sharp toenails.
You regenerate a little health from kills.
You are mostly covered in sharp spines.


Message History

You see here a steel tomahawk.
Unknown command.
As you read the scroll of teleportation, it crumbles to dust.
You feel strangely unstable.
You feel sick.
The orc wizard casts a spell.
The orc wizard blinks!
The orc shouts!
It was a potion of resistance.
You feel protected.
Xom roars with laughter!
The orc throws a tomahawk.
The tomahawk hits you.
* * * LOW HITPOINT WARNING * * *
It was a potion of flight.
You feel very buoyant.
You fly up into the air.
Your surroundings seem slightly different.
The orc wizard gestures at you while chanting.
The magic dart hits you!
You die...
Xom bursts into laughter!

[.......# #......##
........# ##.......###
........# #..........###
.......####........§...##
### .......#
#.....o..(.....# #∩..
......## #........o.....#
#.... ....<.#
#........o.....# .....
......# ........o......#
##..... .....##
.......@....?.## #......
.....#
...............###......
....##
................#..o....
....#
.............##.........
...##
...............o........
...#
..............(#.$......
####
.............(##........
...........######.......
...## #.....##


You could see an orc wizard and 3 orcs.

Vanquished Creatures
  A scorpion (D:4)
  A howler monkey (D:4)
  A bullfrog skeleton (D:4)
  Jessica (D:2)
  Natasha (D:2)
  A worker ant (D:4)
  Robin (D:2)
  3 adders
  2 oozes (D:1)
  An adder skeleton (D:4)
  A worm (D:4)
  2 dart slugs
  2 leopard geckos (D:4)
  An orc (D:4)
  2 giant cockroaches
  13 goblins
  9 hobgoblins
  6 jackals
  3 quokkas
  5 bats
  9 frilled lizards
  3 kobolds
  9 rats
78 creatures vanquished.

Notes
Turn   | Place    | Note
-------+----------+-------------------------------------------
     0 | D:1      | Jannitor the Demonspawn Chaos Knight began the quest for the Orb.
     0 | D:1      | Reached XP level 1. HP: 18/18 MP: 1/1
    82 | D:1      | XOM: potion effect (haste)
   101 | D:1      | Found a snail-covered altar of Cheibriados.
   122 | D:1      | Gained mutation: You have sharp toenails. [demonic ancestry]
   122 | D:1      | Reached XP level 2. HP: 23/24 MP: 2/2
   148 | D:1      | Reached skill level 1 in Dodging
   535 | D:1      | Gained mutation: You are partially covered in sharp spines. [demonic ancestry]
   535 | D:1      | Reached XP level 3. HP: 25/29 MP: 3/3
   662 | D:2      | Found a shimmering altar of Xom.
   707 | D:2      | XOM: noise
   784 | D:2      | Noticed Jessica
   789 | D:2      | Killed Jessica
   802 | D:2      | Noticed Robin
   813 | D:2      | Killed Robin
   813 | D:2      | Gained mutation: You regenerate a little health from kills. [demonic ancestry]
   813 | D:2      | Reached XP level 4. HP: 17/37 MP: 4/4
  1234 | D:2      | Noticed Natasha
  1235 | D:2      | XOM: divination: magic mapping
  1239 | D:2      | Killed Natasha
  1378 | D:3      | Reached XP level 5. HP: 39/42 MP: 5/5
  1514 | D:3      | XOM: noise
  1692 | D:4      | Found Yhadesh's Assorted Antiques.
  1805 | D:4      | XOM: god gift: 4 meat rations
  1897 | D:4      | XOM: fog
  1907 | D:4      | Bought 2 scrolls labeled VEDDEW CIWN for 42 gold pieces
  1907 | D:4      | Bought a glowing golden potion for 18 gold pieces
  1907 | D:4      | Bought a ruby potion for 18 gold pieces
  1907 | D:4      | Bought a scroll labeled ZUGOVI YJYWN for 21 gold pieces
  1907 | D:4      | Bought a potion of agility for 84 gold pieces
  1946 | D:4      | XOM: god gift: wand of lightning (?/15) {god gift}
  1990 | D:4      | Found a bloodstained altar of Trog.
  2003 | D:4      | Gained mutation: You are mostly covered in sharp spines. [demonic ancestry]
  2003 | D:4      | Reached XP level 6. HP: 48/49 MP: 6/6
  2030 | D:4      | XOM: god gift: scroll labeled BEIZ HUHESENNA {god gift}
  2043 | D:4      | Found Nogyck's Food Emporium.
  2052 | D:4      | HP: 2/49 [orc/tomahawk (3)]
  2054 | D:4      | Killed from afar by an orc wizard

Skill      XL: |  1  2  3  4 |
---------------+-------------+-----
Armour         | 2 |  2.6
Dodging        | 1 |  1.6
Long Blades    | 3 4 |  4.9
Fighting       | 4 |  4.5
Stealth        | |  0.2

Action                   |  1- 3 |  4- 6 || total
-------------------------+-------+-------++-------
Melee: Falchion          |    55 |    81 ||   136
       Kick              |     8 |    20 ||    28
  Use: Scroll            |       |     3 ||     3
       Potion            |       |     2 ||     2
 Stab: Sleeping          |       |     1 ||     1
  Eat: Chunk             |       |     4 ||     4
Armor: Leather armour    |     8 |    23 ||    31
Dodge: Dodged            |    37 |    41 ||    78
       Rpst.: Falchion   |     9 |    12 ||    21
